AoeStats
← BottleDry

African Clearing

506441552Analyzed
4v4 RM · 20d ago on Sep 13, 2026· 20m 14s· 8 players
Game mode
Random Map
Map size
Large (8 player)
Population
200
Speed
Normal
Resources
Standard
Victory
Conquest
Starting age
Dark Age
Ending age
Imperial Age
RankedLock teamsTeams togetherTeam positionsShared explorationLock speedFull tech treeHidden civsTurbo modeCheats
Victory
Defeat
🇪🇸 Vietnamese · Spain
954
+15
🇺🇸 Celts · United States
942
+15
🇺🇸 Romans · United States
934
+15
🇺🇸 Spanish · United States
924
+16
🇲🇹 Japanese · Malta
952
-17
🇹🇷 Dravidians · Türkiye
944
-16
903
-14
🇬🇧 Teutons · United Kingdom
893
-14
factacular
5:11 Loom
12:46 Feudal Age
13:00 Man-at-Arms
14:44 Scale Mail Armor
16:28 Double-Bit Axe
17:40 Horse Collar
22:30 Castle Age
LEG_VII_GEM
4:51 Loom
15:59 Feudal Age
17:05 Double-Bit Axe
17:03 Horse Collar
19:20 Town Watch
BottleDry
5:23 Loom
13:49 Feudal Age
14:50 Double-Bit Axe
15:41 Horse Collar
22:48 Castle Age
mbettis243
6:01 Loom
15:15 Feudal Age
15:47 Town Watch
15:48 Double-Bit Axe
17:41 Horse Collar
20:06 Gold Mining
Leard
13:41 Feudal Age
18:10 Castle Age
16:11 Double-Bit Axe
16:08 Horse Collar
Crimson_Tide
13:30 Feudal Age
12:44 Loom
14:49 Wheelbarrow
14:04 Double-Bit Axe
21:57 Castle Age
liviescu
4:13 Loom
16:59 Feudal Age
20:04 Man-at-Arms
20:30 Arson
打帝国需要戴老花镜
4:07 Loom
14:55 Feudal Age
20:39 Castle Age
19:30 Gold Mining
Connection lost

Rejoining the realm…

Still unreachable

The connection could not be restored.

Session expired

The server has moved on; the page needs a fresh start.